 Dungeon Crawl Stone Soup version 0.20-a0-705-gbe8799e (webtiles) character file.

3933 Niddhogr the Spear-Bearer (level 10, -2/74 HPs)
             Began as a Formicid Fighter on Feb 21, 2017.
             Was a Priest of Okawaru.
             Slain by a red ugly thing (17 damage)
             ... on level 7 of the Dungeon.
             The game lasted 00:24:15 (12833 turns).

Niddhogr the Spear-Bearer (Formicid Fighter)       Turns: 12833, Time: 00:24:17

Health: -2/74      AC: 17    Str: 27 (28) XL:     10   Next: 44%
Magic:  10/10      EV:  8    Int:  7 (8)  God:    Okawaru [***...]
Gold:   386        SH: 13    Dex: 10      Spells: 9/9 levels left

rFire    . . .     SeeInvis +   a - +0 trident
rCold    . . .     Gourm    .   E - +0 plate armour
rNeg     . . .     Faith    .   c - +0 shield
rPois    .         Spirit   .   (helmet unavailable)
rElec    .         Reflect  +   D - +0 cloak
rCorr    .         Harm     .   (no gloves)
MR       ++...                  (no boots)
Stlth    ..........             g - +3 amulet of reflection
Regen    0.3/turn               (no ring)
MPRegen  0.2/turn               (no ring)

@: no status effects
A: permanent stasis, dig shafts and tunnels, four strong arms, antennae 3,
molten scales 1, thin metallic scales 1, deterioration 1, low mp 2, magic
resistance 1, strong 2, subdued magic 1
a: Dig, Shaft Self, Heroism, Renounce Religion


You were on level 7 of the Dungeon.
You worshipped Okawaru.
Okawaru was most pleased with you.
You were hungry.

You visited 2 branches of the dungeon, and saw 10 of its levels.

You collected 386 gold pieces.

Inventory:

Hand Weapons
 a - a +0 trident (weapon)
 t - a +0 halberd
Armour
 c - a +0 shield (worn)
 D - a +0 cloak (worn)
 E - a +0 plate armour (worn)
Jewellery
 g - a +3 amulet of reflection (around neck)
Wands
 p - a wand of paralysis (1/24)
Scrolls
 h - 2 scrolls of magic mapping
 m - 2 scrolls of immolation {unknown}
 o - a scroll of enchant weapon {unknown}
 r - 3 scrolls of amnesia
 u - 2 scrolls of remove curse
 v - a scroll of enchant armour {unknown}
 w - a scroll of recharging {unknown}
 y - a scroll of fog {unknown}
 A - 2 scrolls of fear
 G - a scroll of noise {unknown}
Potions
 d - a potion of might
 e - 3 potions of brilliance
 i - 2 potions of flight
 j - 2 potions of lignification
 q - a potion of curing
 s - 2 potions of resistance {unknown}
 x - 2 potions of magic {unknown}
 z - a potion of invisibility {unknown}
 H - a potion of degeneration {unknown}
Books
 b - a book of Misfortune

   Spells                             Type                      Level
   a - Confusing Touch                Hexes                        1
   b - Confuse                        Hexes                        3
   c - Gell's Gravitas                Translocation                3
   d - Petrify                        Transmutation/Earth          4
   e - Metabolic Englaciation         Hexes/Ice                    5
   f - Yara's Violent Unravelling     Hexes/Transmutation          5
Comestibles
 k - a meat ration
 l - 2 chunks of flesh
 n - a royal jelly
 B - 2 bread rations


   Skills:
 - Level 5.1 Fighting
 + Level 11.1 Polearms
 - Level 5.2 Armour
 - Level 5.3 Dodging
 - Level 5.1 Shields
 - Level 4.2 Invocations


You had 9 spell levels left.
You didn't know any spells.

Dungeon Overview and Level Annotations

Branches:
Dungeon (9/15)             Temple (1/1) D:5
   Lair: D:8-11         Orc: D:9-12

Altars:
Ashenzari
Cheibriados
Dithmenos
Elyvilon
Gozag Ieoh Jian
Kikubaaqudgha
Makhleb
Nemelex Xobeh
Okawaru
Qazlal
Trog
Uskayaw
Xom
Yredelemnul
Zin

Shops:
D:8 =


Innate Abilities, Weirdness & Mutations

You cannot be hasted, slowed, berserked, paralysed or teleported.
You can dig through walls and to a lower floor.
Your four strong arms can wield two-handed weapons with a shield.
You have a pair of large antennae on your head. (SInv)
You are partially covered in molten scales. (AC +2)
You are partially covered in thin metallic scales. (AC +2)
Your body sometimes deteriorates upon taking damage.
Your magical capacity is very low. (-20% MP)
You are resistant to hostile enchantments. (MR+)
Your muscles are very strong. (Str +4)
Your spells are a little easier to cast, but a little less powerful.


Message History

The red ugly thing is moderately wounded.
You block the red ugly thing's attack.
Your plate armour prevents you from hitting the red ugly thing.
The red ugly thing is moderately wounded.
The red ugly thing engulfs you but does no damage.
You closely miss the red ugly thing.
The red ugly thing is moderately wounded.
You puncture the red ugly thing!
The red ugly thing is heavily wounded.
The red ugly thing engulfs you!
You are engulfed in flames!
You hit the red ugly thing.
The red ugly thing is heavily wounded.
The red ugly thing misses you.
You are feeling hungry.
You puncture the red ugly thing!
The red ugly thing is severely wounded.
The red ugly thing engulfs you!
* * * LOW HITPOINT WARNING * * *
You are engulfed in flames!
You die...

.........{...#..................+
#########{#####..........#.#...##
P.Q.'.........###'#..............
...u#.........###.#.#............
o...#..).u....#...#...........#..
...P#..)......#...............#..
##########'##########.#.......##'
....# #....#...>#..#.#####.#..
o...# {#..⌠.#.@..#..#.# #....
....# #.⌠..#u...#..#'### ###..
{...# #....'....#......# ###
..{.' ###########.#....# # .Q..#
###)...### # .o..# #........# #
....# #.#.####'## # ....#
#.#.#.....# # #.#.#.....# #


You could see a red ugly thing.

Vanquished Creatures
  Pikel (D:6)
  An ugly thing (D:8)
  A hippogriff (D:7)
  4 orc warriors
  3 slaves (D:6)
  A sky beast (D:7)
  A necrophage (D:8)
  A centaur (D:5)
  7 ogres
  2 phantoms (D:8)
  The ghost of MarvinPA the Slasher, an amateur BaMo of Ieoh Jian (D:3)
  A big kobold (D:5)
  3 bullfrogs (D:6)
  A water moccasin zombie (D:7)
  A scorpion (D:5)
  3 killer bees
  2 crimson imps (D:7)
  A jelly (D:7)
  A centaur zombie (D:5)
  2 orc priests
  6 hounds
  3 orc wizards
  A centaur skeleton (D:9)
  An iguana (D:5)
  6 worker ants
  A killer bee zombie (D:8)
  10 adders
  5 gnolls
  A howler monkey skeleton (D:5)
  2 shadow imps (D:5)
  An ooze (D:4)
  An adder skeleton (D:5)
  An adder zombie (D:7)
  3 worms
  2 dart slugs
  5 leopard geckos
  22 orcs
  6 giant cockroaches
  6 goblins
  3 hobgoblins
  6 jackals
  3 quokkas
  2 ball pythons
  7 bats
  6 frilled lizards
  10 kobolds
  2 quokka skeletons
  A quokka zombie (D:7)
  8 rats
169 creatures vanquished.

Vanquished Creatures (others)
  A slave (D:6)
  An orc (D:7)
  A kobold (D:6)
  3 bushes (D:7)
6 creatures vanquished.

Grand Total: 175 creatures vanquished

Notes
Turn   | Place    | Note
-------+----------+-------------------------------------------
     0 | D:1      | Niddhogr the Formicid Fighter began the quest for the Orb.
     0 | D:1      | Reached XP level 1. HP: 18/18 MP: 1/1
    49 | D:1      | Reached XP level 2. HP: 20/24 MP: 2/2
    94 | D:1      | Reached skill level 3 in Polearms
   279 | D:1      | Reached XP level 3. HP: 29/29 MP: 3/3
  1136 | D:2      | Reached skill level 4 in Polearms
  1136 | D:2      | Reached XP level 4. HP: 19/35 MP: 4/4
  2267 | D:3      | Noticed MarvinPA's ghost (amateur BaMo)
  2334 | D:3      | Found a sparkling altar of Nemelex Xobeh.
  2505 | D:3      | Reached skill level 5 in Polearms
  2505 | D:3      | Reached XP level 5. HP: 33/41 MP: 5/5
  2644 | D:3      | Killed MarvinPA's ghost
  2644 | D:3      | Reached XP level 6. HP: 27/47 MP: 6/6
  2669 | D:3      | Reached skill level 6 in Polearms
  3134 | D:3      | Found a faded altar of an unknown god.
  3150 | D:3      | Found a faded altar of an unknown god.
  3181 | D:3      | Found a sparkling altar of Nemelex Xobeh.
  4239 | D:4      | Noticed an ogre
  4249 | D:4      | Killed an ogre
  4249 | D:4      | Reached skill level 7 in Polearms
  4249 | D:4      | Reached XP level 7. HP: 52/52 MP: 7/7
  5496 | D:4      | Reached skill level 8 in Polearms
  5776 | D:4      | Reached XP level 8. HP: 58/58 MP: 8/8
  5929 | D:5      | Entered Level 5 of the Dungeon
  6085 | D:5      | Found a staircase to the Ecumenical Temple.
  6098 | Temple   | Entered the Ecumenical Temple
  6138 | Temple   | Became a worshipper of Warmaster Okawaru
  6353 | D:5      | Reached skill level 9 in Polearms
  6521 | D:5      | Found an ornate altar of the Ieoh Jian Council.
  7611 | D:5      | Found a staircase to the Ecumenical Temple.
  7815 | D:5      | Found an ornate altar of the Ieoh Jian Council.
  8836 | D:5      | Reached skill level 10 in Polearms
  9371 | D:5      | HP: 4/91 [kobold (1)]
  9372 | D:5      | Gained mutation: You are somewhat resistant to further mutation. [potion of mutation]
  9372 | D:5      | Gained mutation: Your magical capacity is low. (-10% MP) [potion of mutation]
  9372 | D:5      | Gained mutation: You are agile. (Dex +2) [potion of mutation]
  9658 | D:5      | Lost mutation: Your magical capacity is low. (-10% MP) [potion of mutation]
  9658 | D:5      | Lost mutation: You are agile. (Dex +2) [potion of mutation]
  9658 | D:5      | Lost mutation: You are somewhat resistant to further mutation. [potion of mutation]
  9658 | D:5      | Gained mutation: Your spells are a little harder to cast, but a little more powerful. [potion of mutation]
  9658 | D:5      | Gained mutation: You occasionally shout uncontrollably at your foes. [potion of mutation]
  9658 | D:5      | Gained mutation: You are somewhat resistant to further mutation. [potion of mutation]
  9698 | D:6      | Reached skill level 5 in Fighting
  9698 | D:6      | Reached XP level 9. HP: 47/68 MP: 9/9
  9838 | D:6      | Reached * piety under Okawaru
  9912 | D:6      | Found a shimmering altar of Xom.
  9931 | D:6      | Found a shimmering altar of Xom.
  9932 | D:6      | Found a shimmering altar of Xom.
  9934 | D:6      | Found a shimmering altar of Xom.
  9957 | D:6      | Noticed Pikel
  9984 | D:6      | Killed Pikel
 10289 | D:6      | Reached ** piety under Okawaru
 10508 | D:6      | Reached skill level 1 in Invocations
 10565 | D:6      | Found a shimmering altar of Xom.
 10566 | D:6      | Found a shimmering altar of Xom.
 10566 | D:6      | Found a shimmering altar of Xom.
 10567 | D:6      | Found a shimmering altar of Xom.
 11057 | D:7      | Noticed a hippogriff
 11074 | D:7      | Killed a hippogriff
 11074 | D:7      | Reached skill level 5 in Dodging
 11142 | D:7      | Lost mutation: You occasionally shout uncontrollably at your foes. [potion of mutation]
 11142 | D:7      | Lost mutation: You are somewhat resistant to further mutation. [potion of mutation]
 11142 | D:7      | Lost mutation: Your spells are a little harder to cast, but a little more powerful. [potion of mutation]
 11142 | D:7      | Gained mutation: Your muscles are strong. (Str +2) [potion of mutation]
 11142 | D:7      | Gained mutation: Your body sometimes deteriorates upon taking damage. [potion of mutation]
 11142 | D:7      | Gained mutation: Your muscles are very strong. (Str +4) [potion of mutation]
 11218 | D:7      | Reached skill level 5 in Shields
 11218 | D:7      | Reached XP level 10. HP: 74/74 MP: 13/13
 11222 | D:7      | Gained mutation: Your magical capacity is low. (-10% MP) [mutagenic meat]
 11223 | D:7      | Gained mutation: You are partially covered in molten scales. (AC +2) [mutagenic meat]
 11224 | D:7      | Gained mutation: Your magical capacity is very low. (-20% MP) [mutagenic meat]
 11225 | D:7      | Gained mutation: You are resistant to hostile enchantments. (MR+) [mutagenic meat]
 11226 | D:7      | Gained mutation: You are frail. (-10% HP) [mutagenic meat]
 11227 | D:7      | Gained mutation: You are partially covered in thin metallic scales. (AC +2) [mutagenic meat]
 11278 | D:7      | Found a burning altar of Makhleb.
 11321 | D:7      | Found a snail-covered altar of Cheibriados.
 11636 | D:7      | Found a snail-covered altar of Cheibriados.
 11667 | D:7      | Found a burning altar of Makhleb.
 12243 | D:8      | Reached skill level 5 in Armour
 12256 | D:8      | Noticed a two-headed ogre
 12324 | D:7      | Noticed a red ugly thing
 12324 | D:7      | Noticed an unseen horror
 12325 | D:7      | Noticed a tengu warrior
 12364 | D:7      | You fall through a shaft for 2 floors!
 12477 | D:8      | Found Koiwk's Jewellery Shoppe.
 12502 | D:8      | Reached *** piety under Okawaru
 12655 | D:8      | Noticed a red ugly thing
 12664 | D:8      | Killed a red ugly thing
 12664 | D:8      | Reached skill level 11 in Polearms
 12669 | D:8      | Lost mutation: You are frail. (-10% HP) [mutagenic meat]
 12670 | D:8      | Gained mutation: Your spells are a little easier to cast, but a little less powerful. [mutagenic meat]
 12833 | D:7      | Slain by a red ugly thing

Vault maps used:
D:1:      minmay_arrival_glassed_features, minmay_misc_feat_diagonals,
          minmay_misc_feat_square, st_stairs_1
D:3:      nemelex_xobeh_ov_fountains_minmay, chequers_ecumenical_altar_twisty
D:5:      overflow_temple_1_default, minmay_temple_entry_trees, first_bread
D:6:      xom_redecorated, uniq_pikel
D:7:      minmay_klotski, bloody_makhleb, basic_altar
D:8:      serial_shops, nicolae_shop_waterfront, grunt_livestock
D:9:      uniq_erica
Temple:   hc_temple_tempest_star

Skill      XL: |  1  2  3  4  5  6  7  8  9 10 |
---------------+-------------------------------+-----
Polearms       | 3 4 5 7 8 10 11 | 11.1
Fighting       | 5 |  5.1
Shields        | 5 |  5.1
Dodging        | 5 |  5.3
Invocations    | 4 |  4.2
Armour         | 5 |  5.2

Action                   |  1- 3 |  4- 6 |  7- 9 | 10-12 || total
-------------------------+-------+-------+-------+-------++-------
Melee: Trident           |   100 |   185 |   455 |   187 ||   927
Invok: Heroism           |       |       |     2 |       ||     2
 Abil: Dig               |       |       |       |     2 ||     2
       Shaft Self        |       |       |       |     1 ||     1
Evoke: Wand              |       |       |     3 |     2 ||     5
  Use: Scroll            |       |       |     6 |     2 ||     8
       Potion            |       |       |     6 |     1 ||     7
 Stab: Paralysed         |       |       |     4 |     6 ||    10
       Distracted        |       |       |     2 |       ||     2
  Eat: Chunk             |     1 |     6 |    22 |    12 ||    41
       Bread ration      |       |     1 |       |       ||     1
       Fruit             |       |       |       |     3 ||     3
Armor: Scale mail        |    40 |    37 |    65 |       ||   142
       Skin              |       |       |    24 |       ||    24
       Plate armour      |       |       |    17 |    61 ||    78
Dodge: Dodged            |    22 |    26 |   100 |    46 ||   194
Block: Shield            |    47 |    94 |   266 |    81 ||   488
       Reflection        |       |     3 |     3 |       ||     6
